 Dungeon Crawl Stone Soup version 0.30.1-3-gfc49f6343a (webtiles) character file.

Game seed: 13759819818279625827

60 Pepete the Shield-Bearer (level 4, -4/37 HPs)
             Began as a Formicid Fighter on July 25, 2023.
             Killed by nerve-wracking pain
             ... invoked by an orc priest
              (10 damage)
             ... on level 3 of the Dungeon.
             The game lasted 00:01:53 (1843 turns).

Pepete the Shield-Bearer (Formicid Fighter)         Turns: 1843, Time: 00:01:54

Health: -4/37      AC:  8    Str: 29    XL:     4   Next: 25%
Magic:  4/4        EV:  9    Int:  7    God:
Gold:   167        SH:  9    Dex: 13    Spells: 3/3 levels left

rFire   . . .        a - +0 war axe
rCold   . . .        n - +0 kite shield
rNeg    . . .        b - +0 scale mail
rPois   .            (helmet unavailable)
rElec   .            (no cloak)
rCorr   .            m - +0 pair of gloves
SInv    +            (no boots)
Will    .....        (no amulet) Stlth
                     f - +6 ring of strength
HPRegen 0.26/turn    (no ring)
MPRegen 0.09/turn

%: no passive effects
@: no status effects
A: permanent stasis, dig shafts and tunnels, antennae 3, four strong arms
a: Dig, Shaft Self


You were on level 3 of the Dungeon.
You visited 1 branch of the dungeon, and saw 3 of its levels.

You collected 167 gold pieces.

Inventory:

Hand Weapons
 a - a +0 war axe (weapon)
Armour
 b - a +0 scale mail (worn)
 m - a +0 pair of gloves (worn)
 n - a +0 kite shield (worn)
Jewellery
 f - a +6 ring of strength (left hand)
Wands
 j - a wand of mindburst (8)
Scrolls
 e - 2 scrolls of torment {unknown}
 g - 2 scrolls of identify {unknown}
 h - 7 scrolls of teleportation {unknown}
 k - a scroll of fear {unknown}
 l - a scroll of acquirement {unknown}
 p - a scroll of amnesia {unknown}
 q - a scroll of enchant armour {unknown}
Potions
 c - a potion of mutation {unknown}
 d - 2 potions of might
 i - a potion of haste {unknown}
 o - a potion of flight {unknown}
 r - a potion of ambrosia {unknown}
 s - a potion of curing {unknown}
 t - a potion of degeneration {unknown}


   Skills:
 + Level 3.9 Fighting
 + Level 2.6 Axes
 + Level 3.8 Armour
 + Level 4.7 Shields


You had 3 spell levels left.
You didn't know any spells.
Your spell library contained the following spells:

 Spells                   Type           Power      Damage    Failure   Level
 Cigotuvi's Dreadful Rot  Necr/Pois/Air  0%         N/A       95%         2
 Dispel Undead            Necr           0%         3d6       100%        4
 Death Channel            Necr           0%         N/A       100%        6


Dungeon Overview and Level Annotations

Branches:
Dungeon (3/15)

Altars:

Shops:
D:1 =


Innate Abilities, Weirdness & Mutations

You cannot be hasted, slowed, berserked, paralysed or teleported.
You can dig through walls and to a lower floor.
You have a pair of large antennae on your head. (SInv)
Your four strong arms can wield two-handed weapons with a shield.


Message History

There are monsters nearby!
There are monsters nearby!
An orc priest comes into view. It is wielding a +0 dagger.
There are monsters nearby!
The orc priest shouts!
The orc hits you but does no damage.
There are monsters nearby!
You hit the orc.
The orc is almost dead.
You block the orc's attack.
There are monsters nearby!
You slash the orc!
You kill the orc!
You block the orc's attack.
You barely miss the orc. You block the orc's attack.
There are monsters nearby!
You barely miss the orc. The orc hits you but does no damage.
The orc priest miscasts a cantrip.
The orc completely misses you.
There are monsters nearby!
You slash the orc!
You kill the orc!
There are monsters nearby!
You hit the orc but do no damage. The orc hits you with a +0 hand axe.
The orc priest mumbles some strange prayers to Beogh against you.
Beogh smites you! The orc hits you with a +0 hand axe.
There are monsters nearby!
You are too injured to fight recklessly!
There are monsters nearby!
You are too injured to fight recklessly!
There are monsters nearby!
You are too injured to fight recklessly!
You slash the orc!
You kill the orc!
The orc priest invokes the aid of Beogh against you.
Beogh smites you!
* * * LOW HITPOINT WARNING * * *
The orc priest invokes the aid of Beogh against you.
Pain shoots through your body!
You die...

# . ##### ##### ....#
...... ....+
......#.##o# ....#
.....#.##@# '####
....#.##.# .# #
#...#.##.# .####.#
#...#.##.#
......#.#...#.##.###.#
........#...#........#
.................##..#
.###.##.#...###### .#
.###.##.#...### #..#


You could see an orc priest.

Vanquished Creatures
  2 worms (D:2)
  A dart slug (D:2)
  3 orcs (D:3)
  4 ball pythons
  3 bats
  4 endoplasms
  2 giant cockroaches
  4 goblins
  5 hobgoblins
  3 quokkas
  5 frilled lizards
  5 kobolds
  5 rats
46 creatures vanquished.

Notes
Turn   | Place    | Note
-------+----------+-------------------------------------------
     0 | D:1      | Pepete the Formicid Fighter began the quest for the Orb.
     0 | D:1      | Reached XP level 1. HP: 18/18 MP: 1/1
   343 | D:1      | Reached XP level 2. HP: 24/24 MP: 2/2
   669 | D:1      | Found Rutu's Jewellery Shop.
   824 | D:2      | Reached XP level 3. HP: 29/29 MP: 3/3
   898 | D:2      | Found a faded altar of an unknown god.
  1009 | D:2      | Identified the +4 sling "Xeggi" {speed, rPois rF- rN+ MP+9}
  1650 | D:3      | Reached XP level 4. HP: 35/37 MP: 4/4
  1843 | D:3      | Killed from afar by an orc priest

Illustrated notes

Levels and vault maps discovered:
D:1:      dpeg_arrival_line_fractal, layout_basic, serial_shops, shop,
          minmay_misc_feat_more_columns
D:2:      layout_basic, serial_forest, infiniplex_forest_clump_double,
          infiniplex_forest_lined_2, infiniplex_forest_straight_2,
          infiniplex_forest_straight_3, infiniplex_forest_lined_4_way,
          infiniplex_forest_end_double, infiniplex_forest_zigzag_1,
          shapermc_ecumenical_altar_mp_vishouse, bh_walls_and_bars
D:3:      layout_basic, mainiacjoe_overflow_alcove_2, minmay_misc_feat_x,
          nicolae_elevator_lobby_plus, uniq_natasha

Action                     |  1- 3 |  4- 6 || total
---------------------------+-------+-------++-------
  Melee: War axe           |    98 |    18 ||   116
 Armour: Scale mail        |    43 |     6 ||    49
  Dodge: Dodged            |    34 |     3 ||    37
  Block: Buckler           |    14 |       ||    14
         Kite shield       |    11 |     7 ||    18
